Map: Tokamak LE

Players

LiquidMaNa (MaNa)

  • Race: Protoss Protoss
  • League: Grandmaster
  • Spawn Location: 7:00

SKillous - Winner!

  • Race: Protoss Protoss
  • League: Master
  • Spawn Location: 1:00

VOD

Have the link to the VOD?

Description

Time

  • Played on: July 27, 2025, 1:04 p.m.
  • Length: 5:19
Show
View Real Time Build Order
Export as new Build Order

LiquidMaNa Protoss 

Build Orders:  

Get SALT Encoding   

  12  0:00  Probe  
  13  0:12  Probe  
  14  0:17  Pylon  
  14  0:23  Probe  
  15  0:32  Probe  
  15  0:36  Gateway  
  15  0:40  Probe, Gateway  
  17  0:51  Probe  
  17  0:53  Assimilator  
  18  0:59  Probe  
  19  1:04  Assimilator  
  19  1:07  Probe, Pylon  
  19  1:17  Probe  
  21  1:29  Probe, Cybernetics Core  
  22  1:36  Zealot  
  24  1:41  Probe  
  25  1:53  Probe  
  26  2:05  Nexus  
  26  2:08  Sentry  
  26  2:12  Warp Gate  
  28  2:19  Pylon  
  28  2:28  Probe  
  29  2:31  Sentry  
  31  2:40  Probe  
  32  2:46  Robotics Facility  
  32  2:49  Pylon  
  32  2:55  Adept  
  33  3:01  Shield Battery  
  32  3:05  Shield Battery  
  32  3:08  Probe  
  30  3:17  Shield Battery  
  30  3:18  Probe  
  31  3:22  Probe  
  32  3:29  Sentry  
  32  3:30  Probe  
  32  3:33  Immortal  
  39  3:44  Probe  
  39  3:46  Probe  
  39  3:54  Shield Battery  
  39  4:00  Sentry  
  41  4:10  Immortal  
  45  4:23  Sentry  
  47  4:25  Shield Battery  
  47  4:32  Pylon  
  47  4:46  Sentry  
  47  4:47  Probe  
  46  5:13  Adept  
Show
View Real Time Build Order
Export as new Build Order

SKillous Protoss - Winner!

Build Orders:  

Get SALT Encoding   

  12  0:00  Probe  
  13  0:12  Probe  
  14  0:18  Pylon  
  14  0:24  Probe  
  15  0:32  Probe  
  15  0:38  Gateway  
  15  0:40  Probe  
  16  0:45  Assimilator  
  17  0:50  Probe  
  17  0:54  Assimilator  
  18  0:59  Probe  
  19  1:07  Probe  
  19  1:08  Gateway  
  19  1:17  Probe  
  20  1:25  Cybernetics Core  
  21  1:29  Probe  
  22  1:34  Pylon  
  22  1:41  Probe  
  24  2:01  Robotics Facility  
  24  2:04  Adept x2  
  24  2:05  Warp Gate  
  27  2:12  Pylon  
  27  2:31  Stalker x2  
  31  2:38  Warp Prism  
  32  2:57  Pylon  
  32  2:58  Stalker  
  32  3:03  Stalker  
  34  3:12  Immortal  
  40  3:31  Pylon  
  40  3:49  Immortal  
  44  3:58  Adept x2  
  48  4:06  Pylon  
  48  4:21  Immortal  
  48  4:22  Sentry x2  
  54  4:53  Adept x2  
  56  5:15  Adept x2  
Tags
 
Add a new tag
Caveats
  • Supply blocks, unpowered buildings, or Contaminate may cause inaccurate times.
  • Supply counts are checked every 10 seconds.